 Dungeon Crawl Stone Soup version 0.27-a0-1060-gcb85b5eba1 (webtiles) character file.

Game seed: 17367823104641837367

76 Ijustatesigmund the Skirmisher (level 4, -3/35 HPs)
             Began as a Demonspawn Fighter on Apr 21, 2021.
             Slain by Natasha (4 damage)
             ... on level 2 of the Dungeon.
             The game lasted 00:01:25 (1239 turns).

Ijustatesigmund the Skirmisher (Demonspawn Fighter) Turns: 1239, Time: 00:01:26

Health: -3/35      AC:  6    Str: 17    XL:     4   Next: 12%
Magic:  4/4        EV:  7    Int: 11    God:
Gold:   70         SH:  8    Dex: 13    Spells: 3/3 levels left

rFire    . . .     SeeInvis .   a - +0 war axe
rCold    . . .     Faith    .   c - +0 kite shield
rNeg     . . .     Spirit   .   b - +0 scale mail
rPois    .         Reflect  .   (no helmet)
rElec    .         Harm     .   (no cloak)
rCorr    .         Rampage  .   (no gloves)
Will     .....                  (no boots)
Stlth    ..........             (no amulet)
HPRegen  0.11/turn              (no ring)
MPRegen  0.09/turn              (no ring)

@: slowed, very slow
A: claws 2, big brain 1
a: no special abilities


You were on level 2 of the Dungeon.
You visited 1 branch of the dungeon, and saw 2 of its levels.

You collected 70 gold pieces.

Inventory:

Hand Weapons
 a - a +0 war axe (weapon)
Armour
 b - a +0 scale mail (worn)
 c - a +0 kite shield (worn)
Scrolls
 d - a scroll of amnesia {unknown}
 g - a scroll of identify {unknown}
 i - 2 scrolls of brand weapon {unknown}
 j - a scroll of silence {unknown}
 k - 2 scrolls of teleportation {unknown}
Potions
 e - a potion of curing {unknown}
 f - a potion of haste {unknown}
 h - a potion of degeneration {unknown}


   Skills:
 + Level 3.5 Fighting
 * Level 3.1 Axes
 - Level 2.6 Armour
 + Level 1.4 Dodging
 - Level 2.6 Shields


You had 3 spell levels left.
You didn't know any spells.
Your spell library was empty.

Dungeon Overview and Level Annotations

Branches:
Dungeon (2/15)

Altars:

Annotations:
D:2 Natasha


Innate Abilities, Weirdness & Mutations

You have very sharp fingernails.
You have an unusually large brain. (Int +2)


Message History

Found a scroll labelled CEYGHO TAK.
The bat hits you but does no damage. You block Natasha's attack.
Your shield and scale mail prevent you from hitting Natasha.
The bat closely misses you. Natasha claws you but does no damage.
Natasha claws you! You block the bat's attack.
Natasha stares at you and mumbles some strange words.
You feel as though you will be slow longer.
You closely miss Natasha. You miss the bat. You block the bat's attack.
The bat hits you but does no damage. You block Natasha's attack.
Natasha claws you.
You completely miss Natasha. You block the bat's attack. Natasha claws you. x2
* * * LOW HITPOINT WARNING * * *
Natasha barely misses you.
You are too injured to fight recklessly!
You are too injured to fight recklessly!
You are too injured to fight recklessly!
You are too injured to fight recklessly!
You miss Natasha. You hit the bat.
You kill the bat!
Natasha mumbles some strange words.
You feel troubled. Natasha claws you but does no damage.
Natasha closely misses you.
You hit Natasha but do no damage. Natasha claws you.
* * * LOW HITPOINT WARNING * * *
Natasha stares at you and mumbles some strange words.
You resist with some effort.
You hit Natasha.
Natasha is moderately wounded.
Natasha stares at you and mumbles some strange words.
The magic dart hits you.
* * * LOW HITPOINT WARNING * * *
Natasha stares at you and mumbles some strange words.
The magic dart hits you but does no damage.
You block Natasha's attack.
You hit Natasha but do no damage.
Natasha is moderately wounded.
Natasha claws you.
* * * LOW HITPOINT WARNING * * *
Natasha claws you.
You die...

...#....## .......... .........#
....$....## #............##
..............?.### #.#.#
#..h†.....#.#..... ....#.#.# #@##
...... .. ....#.#.# #..# #..#.#
<#. ....#.#.#
#######.##.###....#.... ....#.#†#
#.....................# ....#...#
##.######.............[
....##..####.#######...#..###....
.....#†.##....................###
......#....#.#######.............
....#......#.# #..(.......###


You could see Natasha.

Vanquished Creatures
  Jessica (D:2)
  An adder (D:2)
  An adder skeleton (D:2)
  4 dart slugs
  3 giant cockroaches (D:1)
  4 goblins
  2 hobgoblins
  3 jackals (D:2)
  A quokka (D:2)
  A ball python (D:1)
  3 bats
  2 kobolds (D:1)
  3 rats
29 creatures vanquished.

Notes
Turn   | Place    | Note
-------+----------+-------------------------------------------
     0 | D:1      | Ijustatesigmund the Demonspawn Fighter began the quest for
                  | the Orb.
     0 | D:1      | Reached XP level 1. HP: 18/18 MP: 1/1
   218 | D:1      | Gained mutation: You have an unusually large brain. (Int
                  | +2) [demonic ancestry]
   218 | D:1      | Reached XP level 2. HP: 24/24 MP: 2/2
   859 | D:2      | Noticed Jessica
   878 | D:2      | Reached skill level 1 in Dodging
   878 | D:2      | Gained mutation: You have sharp fingernails. [demonic
                  | ancestry]
   878 | D:2      | Reached XP level 3. HP: 23/29 MP: 3/3
   880 | D:2      | Killed Jessica
  1147 | D:2      | Gained mutation: You have very sharp fingernails. [demonic
                  | ancestry]
  1147 | D:2      | Reached XP level 4. HP: 33/35 MP: 4/4
  1229 | D:2      | Noticed Natasha
  1238 | D:2      | HP: 1/35 [Natasha/magic dart (5)]
  1239 | D:2      | Slain by Natasha

Illustrated notes

Levels and vault maps discovered:
D:1:      wander_arrival_abandoned_jail, layout_loops_ring
D:2:      layout_rooms, hellmonk_ecumenical_altar_run_dry, uniq_natasha,
          uniq_jessica

Skill      XL: |  1  2  3 |
---------------+----------+-----
Axes           | 2 3 |  3.1
Dodging        | 1 |  1.4
Fighting       | |  3.5
Armour         | |  2.6
Shields        | |  2.6

Action                   |  1- 3 |  4- 6 || total
-------------------------+-------+-------++-------
Melee: War axe           |    71 |    10 ||    81
  Use: Scroll            |     1 |       ||     1
       Potion            |     1 |       ||     1
Armor: Scale mail        |    56 |     5 ||    61
Dodge: Dodged            |    31 |     4 ||    35
Block: Kite shield       |    39 |     7 ||    46

Table legend: (Time is in decaauts)
 A = Elapsed time spent in this place.
 B = Non-inter-level travel time spent in this place.
 C = Inter-level travel time spent in this place.
 D = Time resting spent in this place.
 E = Time spent auto-exploring this place.
 F = Levels seen in this place.
 G = Mean time per level.
                   A        B        C        D        E       F      G
               +--------+--------+--------+--------+--------+-----+--------+
         Total |   1294 |   1280 |     14 |    192 |    825 |   2 |  647.0 |
       Dungeon |   1294 |   1280 |     14 |    192 |    825 |   2 |  647.0 |
               +--------+--------+--------+--------+--------+-----+--------+

Top non-repeatable levels by time:
     D:1: 862 daAuts
     D:2: 431 daAuts
